BR (22 & UNDER)
HARTFORD DARTH WHALERS @ INDIAN HILLS VOODOO
09/11/2029
 
TOP OF THE 1ST
Hartford Darth Whalers batting - Pitching for Indian Hills Voodoo : RHP Octávio Durán
Pitching: RHP Octávio Durán
Batting: LHB Ryan Billman 0-0: Ball
1-0: Swinging Strike
1-1: Fly out, F4 (Popup, 34)
Batting: RHB Justin López 0-0: Called Strike
0-1: Ball
1-1: Foul Ball, location: 2F
1-2: Ball
2-2: Foul Ball, location: 2F
2-2: Foul Ball, location: 2F
2-2: Ball
3-2: Foul Ball, location: 2F
3-2: Fly out, F7 (Flyball, 7D)
Batting: LHB Steve Woods 0-0: Ball
1-0: Called Strike
1-1: Ball
2-1: Swinging Strike
2-2: Fly out, F7 (Flyball, 7LMF)
Top of the 1st over - 0 runs, 0 hits, 0 errors, 0 left on base; Hartford 0 - Indian Hills 0
BOTTOM OF THE 1ST
Indian Hills Voodoo batting - Pitching for Hartford Darth Whalers : RHP Pete Booker
Pitching: RHP Pete Booker
Batting: SHB Cisco Oliva 0-0: Ball
1-0: Called Strike
1-1: Foul Ball, location: 2F
1-2: Ball
2-2: Fly out, F7 (Flyball, 7S)
Batting: RHB Jon Bush 0-0: Ball
1-0: SINGLE (Groundball, 34) (infield hit)
Batting: RHB César Heredia 0-0: Called Strike
0-1: Ball
1-1: Ball
2-1: Swinging Strike
2-2: Foul Ball, location: 2F
2-2: Foul Ball, location: 2F
2-2: Foul Ball, location: 2F
2-2: Foul Ball, location: 2F
2-2: Foul Ball, location: 2F
2-2: Ball
3-2: Fly out, F7 (Flyball, 78S)
Batting: RHB José Núñez 0-0: Called Strike
0-1: Ball
1-1: Ball
2-1: Ball
3-1: Fly out, F9 (Flyball, 9LS)
Bottom of the 1st over - 0 runs, 1 hit, 0 errors, 1 left on base; Hartford 0 - Indian Hills 0
TOP OF THE 2ND
Hartford Darth Whalers batting - Pitching for Indian Hills Voodoo : RHP Octávio Durán
Batting: LHB Bill Poe 0-0: SINGLE (Groundball, 34D)
Batting: LHB Todd Gilliam 0-0: Ball
1-0: Ball
2-0: Called Strike
2-1: Ball
3-1: Foul Ball, location: 2F
3-2: Ground out 4-3 (Groundball, 34)
Bill Poe to second
Batting: LHB Alejandro Gómez 0-0: Foul Ball, location: 2F
0-1: Foul Ball, location: 2F
0-2: Ball
1-2: Foul Ball, location: 2F
1-2: Foul Ball, location: 2F
1-2: Strikes out swinging
Batting: LHB César Martínez 0-0: Ball
1-0: Swinging Strike
1-1: Ground out 3-1 (Groundball, 34S)
Top of the 2nd over - 0 runs, 1 hit, 0 errors, 1 left on base; Hartford 0 - Indian Hills 0
BOTTOM OF THE 2ND
Indian Hills Voodoo batting - Pitching for Hartford Darth Whalers : RHP Pete Booker
Batting: RHB Dave McGuire 0-0: Ball
1-0: Foul Ball, location: 2F
1-1: Ball
2-1: Ground out 3-1 (Groundball, 34)
Batting: RHB Greg Williams 0-0: Ball
1-0: Ball
2-0: Called Strike
2-1: Swinging Strike
2-2: Strikes out swinging
Batting: LHB Dave Wilkinson 0-0: Foul Ball, location: 2F
0-1: Ball
1-1: Ball
2-1: Swinging Strike
2-2: Strikes out looking
Bottom of the 2nd over - 0 runs, 0 hits, 0 errors, 0 left on base; Hartford 0 - Indian Hills 0
TOP OF THE 3RD
Hartford Darth Whalers batting - Pitching for Indian Hills Voodoo : RHP Octávio Durán
Batting: LHB Timothy Pierce 0-0: Ball
1-0: Ball
2-0: Fly out, F8 (Flyball, 8RM)
Batting: RHB Chester Mullins 0-0: Ball
1-0: Foul Ball, location: 2F
1-1: Ball
2-1: Fly out, F7 (Flyball, 7)
Batting: LHB Ryan Billman 0-0: Ground out 4-3 (Groundball, 34D)
Top of the 3rd over - 0 runs, 0 hits, 0 errors, 0 left on base; Hartford 0 - Indian Hills 0
BOTTOM OF THE 3RD
Indian Hills Voodoo batting - Pitching for Hartford Darth Whalers : RHP Pete Booker
Batting: LHB José Castillo 0-0: Fly out, F9 (Flyball, 9S)
Batting: RHB Norman Hopkins 0-0: Swinging Strike
0-1: Ball
1-1: Called Strike
1-2: SINGLE (Line Drive, 34D)
Batting: SHB Cisco Oliva 0-0: Ball
1-0: Foul Ball, location: 2F
1-1: Ball
2-1: Called Strike
2-2: Strikes out swinging
Throwing error on steal attempt, E2
Norman Hopkins to third
Batting: RHB Jon Bush 0-0: Called Strike
0-1: Foul Ball, location: 2F
0-2: Ball
1-2: Foul Ball, location: 2F
1-2: Foul Ball, location: 2F
1-2: Ground out U3 (Groundball, 34)
Bottom of the 3rd over - 0 runs, 1 hit, 1 error, 1 left on base; Hartford 0 - Indian Hills 0
TOP OF THE 4TH
Hartford Darth Whalers batting - Pitching for Indian Hills Voodoo : RHP Octávio Durán
Batting: RHB Justin López 0-0: Called Strike
0-1: Ball
1-1: Swinging Strike
1-2: Strikes out swinging
Batting: LHB Steve Woods 0-0: Called Strike
0-1: Ball
1-1: Ball
2-1: Called Strike
2-2: Ground out 4-3 (Groundball, 4)
Batting: LHB Bill Poe 0-0: Ground out 4-3 (Groundball, 4)
Top of the 4th over - 0 runs, 0 hits, 0 errors, 0 left on base; Hartford 0 - Indian Hills 0
BOTTOM OF THE 4TH
Indian Hills Voodoo batting - Pitching for Hartford Darth Whalers : RHP Pete Booker
Batting: RHB César Heredia 0-0: SINGLE (Groundball, 56D)
Batting: RHB José Núñez 0-0: Ball
1-0: Reached on error, E5 (Groundball, 56)
César Heredia to second
Batting: RHB Dave McGuire 0-0: Ball
1-0: Called Strike
1-1: Swinging Strike
1-2: Strikes out swinging
Batting: RHB Greg Williams 0-0: Ball
1-0: Ball
2-0: Ball
3-0: Base on Balls
César Heredia to third
José Núñez to second
Batting: LHB Dave Wilkinson 0-0: Ball
1-0: Swinging Strike
1-1: GRAND SLAM HOME RUN (Flyball, 9LD), Distance : 355 ft
Batting: LHB José Castillo 0-0: Ball
1-0: Called Strike
1-1: Ball
2-1: Foul Ball, location: 2F
2-2: SINGLE (Groundball, 34S) (infield hit)
Batting: RHB Norman Hopkins 0-0: Ball
1-0: Ball
2-0: Ball
3-0: Called Strike
3-1: Foul Ball, location: 2F
3-2: TRIPLE (Flyball, 8RXD)
José Castillo scores
Batting: SHB Cisco Oliva 0-0: Ball
1-0: Foul Ball, location: 2F
1-1: Called Strike
1-2: SINGLE (Line Drive, 6M)
Norman Hopkins scores
Batting: RHB Jon Bush 0-0: Ball
1-0: Ball
2-0: Foul Ball, location: 2F
2-1: Foul Ball, location: 2F
2-2: Grounds into double play, 5-4-3 (Groundball, 5L)
Bottom of the 4th over - 6 runs, 5 hits, 1 error, 0 left on base; Hartford 0 - Indian Hills 6
TOP OF THE 5TH
Hartford Darth Whalers batting - Pitching for Indian Hills Voodoo : RHP Octávio Durán
Batting: LHB Todd Gilliam 0-0: Called Strike
0-1: Foul Ball, location: 2F
0-2: Strikes out swinging
Batting: LHB Alejandro Gómez 0-0: Called Strike
0-1: Called Strike
0-2: Foul Ball, location: 2F
0-2: Ball
1-2: Ball
2-2: Ball
3-2: Ground out 3-1 (Groundball, 34)
Batting: LHB César Martínez 0-0: Ball
1-0: Swinging Strike
1-1: Swinging Strike
1-2: Fly out, F6 (Popup, 6M)
Top of the 5th over - 0 runs, 0 hits, 0 errors, 0 left on base; Hartford 0 - Indian Hills 6
BOTTOM OF THE 5TH
Indian Hills Voodoo batting - Pitching for Hartford Darth Whalers : RHP Pete Booker
Pitching: RHP José Francisco
Batting: RHB César Heredia 0-0: Called Strike
0-1: Swinging Strike
0-2: DOUBLE (Line Drive, 8LD)
Batting: RHB José Núñez 0-0: Ball
1-0: SINGLE (Line Drive, 34D)
César Heredia to third
Batting: RHB Dave McGuire 0-0: Swinging Strike
0-1: Called Strike
0-2: Fly out, F9 (Flyball, 9D)
Runner from 3rd tags up, SCORES, throw made
Batting: RHB Greg Williams 0-0: Foul Ball, location: 2F
0-1: Ball
1-1: Called Strike
1-2: Ball
2-2: Foul Ball, location: 2F
2-2: Ball
3-2: Base on Balls
José Núñez to second
Batting: LHB Dave Wilkinson 0-0: Called Strike
José Núñez is caught stealing 3rd base
0-1: Foul Ball, location: 2F
0-2: Strikes out swinging
Bottom of the 5th over - 1 run, 2 hits, 0 errors, 1 left on base; Hartford 0 - Indian Hills 7
TOP OF THE 6TH
Hartford Darth Whalers batting - Pitching for Indian Hills Voodoo : RHP Octávio Durán
Batting: LHB Timothy Pierce 0-0: Called Strike
0-1: Ball
1-1: Called Strike
1-2: Ball
2-2: Ground out 4-3 (Groundball, 4)
Batting: RHB Chester Mullins 0-0: Fly out, F8 (Line Drive, 8LM)
Batting: LHB Ryan Billman 0-0: Foul Ball, location: 2F
0-1: Ball
1-1: Ball
2-1: Foul Ball, location: 2F
2-2: Fly out, F9 (Line Drive, 9S)
Top of the 6th over - 0 runs, 0 hits, 0 errors, 0 left on base; Hartford 0 - Indian Hills 7
BOTTOM OF THE 6TH
Indian Hills Voodoo batting - Pitching for Hartford Darth Whalers : RHP José Francisco
Batting: LHB José Castillo 0-0: Ball
1-0: Ball
2-0: Called Strike
2-1: Called Strike
2-2: Strikes out swinging
Batting: RHB Norman Hopkins 0-0: Fly out, F9 (Flyball, 9)
Batting: SHB Cisco Oliva 0-0: Ball
1-0: Foul Ball, location: 2F
1-1: Called Strike
1-2: TRIPLE (Flyball, 78XD)
Batting: RHB Jon Bush 0-0: Swinging Strike
0-1: Swinging Strike
0-2: Strikes out swinging
Bottom of the 6th over - 0 runs, 1 hit, 0 errors, 1 left on base; Hartford 0 - Indian Hills 7
TOP OF THE 7TH
Hartford Darth Whalers batting - Pitching for Indian Hills Voodoo : RHP Octávio Durán
Batting: RHB Justin López 0-0: Ball
1-0: Ground out 6-3 (Groundball, 6)
Batting: LHB Steve Woods 0-0: Called Strike
0-1: Ball
1-1: Ball
2-1: SINGLE (Line Drive, 9S)
Batting: LHB Bill Poe Pickoff Throw to First - Out!
0-0: Ball
1-0: Fly out, F8 (Flyball, 8RM)
Top of the 7th over - 0 runs, 1 hit, 0 errors, 0 left on base; Hartford 0 - Indian Hills 7
BOTTOM OF THE 7TH
Indian Hills Voodoo batting - Pitching for Hartford Darth Whalers : RHP José Francisco
Batting: RHB César Heredia 0-0: Foul Ball, location: 2F
0-1: Ball
1-1: Swinging Strike
1-2: Ball
2-2: Ball
3-2: Base on Balls
Batting: RHB José Núñez 0-0: Fielders Choice at 2nd, 6-4 (Groundball, 6)
Batting: RHB Dave McGuire 0-0: Called Strike
0-1: Foul Ball, location: 2F
0-2: Ball
1-2: Fly out, F9 (Flyball, 89S)
Batting: RHB Greg Williams 0-0: Ball
1-0: SINGLE (Line Drive, 56)
José Núñez to second
Batting: LHB Dave Wilkinson 0-0: Called Strike
0-1: Swinging Strike
0-2: Ball
1-2: Strikes out swinging
Bottom of the 7th over - 0 runs, 1 hit, 0 errors, 2 left on base; Hartford 0 - Indian Hills 7
TOP OF THE 8TH
Hartford Darth Whalers batting - Pitching for Indian Hills Voodoo : RHP Octávio Durán
Now at 1B: Andrew Lewis
Batting: LHB Todd Gilliam 0-0: Ball
1-0: Ball
2-0: Ball
3-0: Base on Balls
Batting: LHB Alejandro Gómez 0-0: Called Strike
0-1: Foul Ball, location: 2F
0-2: Fly out, F7 (Flyball, 78D)
Batting: LHB César Martínez 0-0: Called Strike
0-1: Foul Ball, location: 2F
0-2: Foul Ball, location: 2F
0-2: Ball
1-2: Foul Ball, location: 2F
1-2: Foul Ball, location: 2F
1-2: Ball
2-2: Foul Ball, location: 2F
2-2: Strikes out looking
Pitching: RHP Miguel Muñóz
Batting: LHB Timothy Pierce 0-0: Ball
1-0: Foul Ball, location: 2F
1-1: Ball
2-1: Ground out U3 (Groundball, 3L)
Top of the 8th over - 0 runs, 0 hits, 0 errors, 1 left on base; Hartford 0 - Indian Hills 7
BOTTOM OF THE 8TH
Indian Hills Voodoo batting - Pitching for Hartford Darth Whalers : RHP José Francisco
Batting: LHB José Castillo 0-0: Swinging Strike
0-1: Foul Ball, location: 2F
0-2: DOUBLE (Groundball, 3L)
Pinch Hitting: LHB Jorge Garza 0-0: Foul Ball, location: 2F
0-1: Foul Ball, location: 2F
0-2: Ball
1-2: Foul Ball, location: 2F
1-2: Ground out 4-3 (Groundball, 4)
José Castillo to third
Batting: SHB Cisco Oliva 0-0: Ball
1-0: Ball
2-0: Ball
3-0: Called Strike
3-1: SINGLE (Line Drive, 34)
José Castillo scores
Batting: RHB Jon Bush 0-0: Ball
1-0: Called Strike
Cisco Oliva steals 2nd base
1-1: Ball
Cisco Oliva steals 3rd base
2-1: Ball
3-1: Called Strike
3-2: SINGLE (Line Drive, 4MD)
Cisco Oliva scores
Batting: RHB César Heredia 0-0: Ball
1-0: Ball
2-0: Called Strike
2-1: Called Strike
2-2: Foul Ball, location: 2F
2-2: Ball
3-2: Foul Ball, location: 2F
3-2: Strikes out looking
Batting: RHB José Núñez
Pinch Hitting: RHB José Torres 0-0: Swinging Strike
0-1: Fielders Choice at 2nd, 6-4 (Groundball, 6)
Bottom of the 8th over - 2 runs, 3 hits, 0 errors, 1 left on base; Hartford 0 - Indian Hills 9
TOP OF THE 9TH
Hartford Darth Whalers batting - Pitching for Indian Hills Voodoo : RHP Miguel Muñóz
Now in LF: Jorge Garza
Now in RF: William Knisley
Batting: RHB Chester Mullins 0-0: Called Strike
0-1: Ball
1-1: Foul Ball, location: 2F
1-2: Ball
2-2: Foul Ball, location: 2F
2-2: Foul Ball, location: 2F
2-2: Strikes out looking
Batting: LHB Ryan Billman 0-0: Called Strike
0-1: Fly out, F7 (Flyball, 78S)
Batting: RHB Justin López 0-0: Called Strike
0-1: Ball
1-1: Swinging Strike
1-2: Ball
2-2: Strikes out swinging
Top of the 9th over - 0 runs, 0 hits, 0 errors, 0 left on base; Hartford 0 - Indian Hills 9
Saturday, December 16th, 2017 - OOTP Baseball 18.8 Build 76